 Dungeon Crawl Stone Soup version 0.22-a0-284-g99d1f74 (webtiles) character file.

9 grindst0ne the Skirmisher (level 2, 22/24 HPs)
             Began as a Demonspawn Abyssal Knight on Mar 21, 2018.
             Was an Initiate of Lugonu.
             Got out of the dungeon alive.
             The game lasted 00:01:53 (775 turns).

grindst0ne the Skirmisher (DsAK)                     Turns: 775, Time: 00:01:53

Health: 22/24      AC:  5    Str: 10 (12) XL:     2   Next: 6%
Magic:  4/4        EV: 10    Int: 12 (13) God:    Lugonu [......]
Gold:   14         SH:  0    Dex: 10 (12) Spells: 1/1 levels left

rFire    . . .     SeeInvis .   a - +1 hand axe
rCold    . . .     Gourm    .   (no shield)
rNeg     . . .     Faith    .   f - +0 ring mail
rPois    .         Spirit   .   (no helmet)
rElec    .         Reflect  .   (no cloak)
rCorr    .         Harm     .   (no gloves)
MR       .....                  (no boots)
Stlth    +.........             (no amulet)
HPRegen  0.08/turn              (no ring)
MPRegen  0.09/turn              (no ring)

@: no status effects
A: nightstalker 1
a: Renounce Religion


You escaped.
You worshipped Lugonu.
Lugonu was noncommittal.
You were not hungry.

You visited 1 branch of the dungeon, and saw 1 of its levels.
You visited the Abyss 1 time.

You collected 14 gold pieces.

Inventory:

Hand Weapons
 a - a +1 hand axe (weapon)
Armour
 f - a +0 ring mail (worn)
Scrolls
 b - 2 scrolls of identify {unknown}
 d - a scroll of amnesia {unknown}
 e - a scroll of teleportation {unknown}
Comestibles
 c - a ration


   Skills:
 + Level 3.2 Fighting
 - Level 1.7 Axes
 + Level 2.0 Armour
 - Level 0.8 Dodging
 + Level 2.8 Invocations


You had one spell level left.
You didn't know any spells.

Dungeon Overview and Level Annotations

Branches:
Dungeon (1/15)

Altars:


Innate Abilities, Weirdness & Mutations

You are slightly more attuned to the shadows.


Message History

Lugonu accepts your kill.
You have reached level 2!
Your demonic ancestry asserts itself...
You slip into the darkness of the dungeon.
The hobgoblin hits you. The hobgoblin closely misses you.
You barely miss the hobgoblin.
The hobgoblin is heavily wounded.
The hobgoblin hits you.
You hit the hobgoblin.
You kill the hobgoblin!
Lugonu accepts your kill.
You see here a hobgoblin corpse.
You see here a club.
Items here: ( )) รท a short sword; 18 stones; a short sword; a kobold skeleton You see here a stone.
You see here a +0 leather armour.
There is a staircase leading out of the dungeon here.
Are you sure you want to leave the Dungeon?
This will make you lose the game!
You have escaped!

..###### #.# ###
#.# #.. ### #####
############
....###.##.).##..#
####.#.##.###.(..#
#.)..#.#.######[@#
..##.##..#.##....#
####.###.#.#.##..#
.##.###.##.(######
####...###### #
#####


There were no monsters in sight!

Vanquished Creatures
  A dart slug (D:1)
  2 hobgoblins (D:1)
  3 kobolds (D:1)
6 creatures vanquished.

Notes
Turn   | Place    | Note
-------+----------+-------------------------------------------
     0 | Abyss:1  | grindst0ne the Demonspawn Abyssal Knight began the quest for the Orb.
     0 | Abyss:1  | Reached XP level 1. HP: 18/18 MP: 2/2
    83 | Abyss:1  | Noticed a starcursed mass
    83 | Abyss:1  | Noticed a frost giant zombie
    84 | D:1      | Escaped the Abyss
   703 | D:1      | Gained mutation: You are slightly more attuned to the shadows. [demonic ancestry]
   703 | D:1      | Reached XP level 2. HP: 20/24 MP: 4/4
   775 | D:$      | Got out of the dungeon alive.

Vault maps used:
D:1:      dpeg_arrival_signposts, st_stairs_5, minmay_hexomino_c4

Skill      XL: |  1 |
---------------+----+-----
Armour         | 2 |  2.0
Fighting       | |  3.2
Axes           | |  1.7
Dodging        | |  0.8
Invocations    | |  2.8

Action                   || total
-------------------------++-------
Melee: Hand axe          ||    26
Invok: Depart the Abyss  ||     1
  Use: Potion            ||     1
Armor: Ring mail         ||     7
Dodge: Dodged            ||    13

Table legend:
 A = Spawn XP
 B = Non-spawn XP
 C = Spawn XP percentage of total XP
 D = Spawn monster count
 E = Non-spawn monster count
 F = Spawn count percentage of total count
 G = Total turns spent on level
                    A         B        C        D         E        F      G
               +---------+---------+-------+---------+---------+-------+---------
         Total |       0 |      14 |   0.0 |       0 |       6 |   0.0 |   775
               +---------+---------+-------+---------+---------+-------+---------
           D:1 |       0 |      14 |   0.0 |       0 |       6 |   0.0 |   691
               +---------+---------+-------+---------+---------+-------+---------
